 Dungeon Crawl Stone Soup version 0.21.1-1-g345015f (webtiles) character file.

90 Taravok the Skirmisher (level 4, -7/40 HPs)
             Began as a Hill Orc Berserker on Apr 2, 2018.
             Was a Believer of Trog.
             Mangled by Sigmund
             ... wielding a +0 scythe
              (8 damage)
             ... on level 2 of the Dungeon.
             The game lasted 00:13:23 (1355 turns).

Taravok the Skirmisher (Hill Orc Berserker)         Turns: 1355, Time: 00:13:24

Health: -7/40      AC:  7    Str: 20    XL:     4   Next: 56%
Magic:  4/4        EV: 10    Int:  7    God:    Trog [**....]
Gold:   47         SH:  0    Dex: 10    Spells: 3/3 levels left

rFire    . . .     SeeInvis .     - Unarmed
rCold    . . .     Gourm    .   (no shield)
rNeg     . . .     Faith    .   l - +0 scale mail
rPois    .         Spirit   .   (no helmet)
rElec    .         Reflect  .   (no cloak)
rCorr    .         Harm     .   h - +0 pair of gloves
MR       .....                  (no boots)
Stlth    ..........             g - amulet of inaccuracy (curse)
HPRegen  0.13/turn              (no ring)
MPRegen  0.09/turn              (no ring)

@: no status effects
A: no striking features
a: Berserk, Trog's Hand, Burn Spellbooks, Renounce Religion


You were on level 2 of the Dungeon.
You worshipped Trog.
Trog was pleased with you.
You were not hungry.

You visited 1 branch of the dungeon, and saw 2 of its levels.

You collected 47 gold pieces.

Inventory:

Hand Weapons
 c - a +0 dagger of venom
Armour
 a - a +0 animal skin
 f - a +0 ring mail
 h - a +0 pair of gloves (worn)
 j - a +0 leather armour
 l - a +0 scale mail (worn)
Jewellery
 g - a cursed amulet of inaccuracy (around neck)
Wands
 d - a wand of polymorph (6)
Scrolls
 e - a scroll of fog {unknown}
 i - a scroll of teleportation
 k - a scroll of identify {unknown}
Comestibles
 b - a ration


   Skills:
 + Level 4.3 Fighting
 + Level 3.0 Armour
 + Level 2.2 Dodging
 + Level 0.2 Stealth
 + Level 4.3 Unarmed Combat


You had 3 spell levels left.
You didn't know any spells.

Dungeon Overview and Level Annotations

Branches:
Dungeon (2/15)

Altars:

Annotations:
D:2 Sigmund


Message History

You feel sick. The adder bites you.
* * * LOW HITPOINT WARNING * * *
The adder bites you.
* * * LOW HITPOINT WARNING * * *
The bat hits you but does no damage. The bat closely misses you.
Something tries to affect you, but you resist.
The bat barely misses you. The adder barely misses you.
The adder bites you but does no damage.
You feel sick.
You are no longer poisoned.
The bat barely misses you.
Things that are here:
a tomahawk; a leather armour; a kobold skeleton The bat closely misses you.
The bat hits you but does no damage. The bat closely misses you.
The adder barely misses you. The bat hits you.
* * * LOW HITPOINT WARNING * * *
Something hits you!
You die...

. ..#. #...###.########....#
....## #### #.# #....#
.....######### #.# ##.###
......'...)..# #.# #.#
.....#######.# #.# #)#### ....###
#.# #(# ###....### ....#.#
#.###.## ##..>...... .....##
#......#####.......... ...?#.#
#####@b.(((........... .....###
#S#####........... .......#
###.#####........... ...(...#
#......##.....>.....
#......#######......##...........
.#)......รท{.........###..........
#.#....#######......# ##.....#(..
##.#...# #......# ##########
##.#..# #......#


You could see an adder and a bat.

Vanquished Creatures
  Terence (D:2)
  4 adders (D:2)
  A dart slug (D:1)
  A leopard gecko (D:1)
  2 bats
  2 giant cockroaches
  6 goblins
  2 hobgoblins (D:1)
  5 kobolds
  4 frilled lizards
  4 rats (D:1)
32 creatures vanquished.

Notes
Turn   | Place    | Note
-------+----------+-------------------------------------------
     0 | D:1      | Taravok the Hill Orc Berserker began the quest for the Orb.
     0 | D:1      | Reached XP level 1. HP: 19/19 MP: 1/1
    60 | D:1      | Reached XP level 2. HP: 18/27 MP: 2/2
   776 | D:2      | Reached XP level 3. HP: 33/33 MP: 3/3
  1032 | D:2      | Reached XP level 4. HP: 40/40 MP: 4/4
  1100 | D:2      | Noticed Terence
  1162 | D:2      | Killed Terence
  1208 | D:2      | Reached ** piety under Trog
  1327 | D:2      | Noticed Sigmund
  1352 | D:2      | HP: 2/40 [poisoned by an adder]
  1355 | D:2      | Mangled by Sigmund

Skill      XL: |  1  2  3  4 |
---------------+-------------+-----
Fighting       | 4 |  4.3
Unarmed Combat | 4 |  4.3
Dodging        | 2 |  2.2
Armour         | 3 |  3.0
Stealth        | |  0.2

Action                   |  1- 3 |  4- 6 || total
-------------------------+-------+-------++-------
Melee: Unarmed           |   145 |    65 ||   210
       Punch             |     2 |       ||     2
  Use: Scroll            |     2 |       ||     2
       Potion            |     1 |     1 ||     2
  Eat: Ration            |     1 |       ||     1
Armor: Animal skin       |     3 |       ||     3
       Ring mail         |    44 |     6 ||    50
       Scale mail        |       |    32 ||    32
Dodge: Dodged            |    96 |    52 ||   148
